 Dungeon Crawl Stone Soup version 0.31-a0-345-g1ebeae05c6 (webtiles) character file.

Game seed: 5049354265495636930

96582 derpindaisy the Warrior (level 16, -3/136 HPs)
             Began as a Human Berserker on July 22, 2023.
             Was a High Priest of Trog.
             Slain by a wolf spider (16 damage)
             ... on level 1 of the Spider Nest on July 23, 2023.
             The game lasted 01:22:55 (26307 turns).

derpindaisy the Warrior (Human Berserker)          Turns: 26307, Time: 01:22:56

Health: -3/136     AC: 27    Str: 26    XL:     16   Next: 67%
Magic:  25/25      EV: 18    Int: 14    God:    Trog [*****.]
Gold:   634        SH: 18    Dex: 19    Spells: 15/15 levels left

rFire   + + .        H - +10 trident of the Smoking Seeker {freeze, *Slow rF+ rN+++ Int+3}
rCold   x . .        d - +0 kite shield "Dacuef" {rElec}
rNeg    + + +        I - +7 chain mail of Untold Secrets {rPois SInv}
rPois   +            c - +0 helmet of the True Pharaoh {Will+ rCorr Stlth+}
rElec   +            G - +2 cloak {Stlth+}
rCorr   +            q - +0 pair of gloves
SInv    +            j - +2 pair of slick slippers {slick, slippery, EV+4}
Will    ++...        h - amulet of reflection
Stlth   +++          l - ring of the Kodama {Fly rCorr MP+9 Str+3}
HPRegen 0.42/turn    e - ring of the Sandy God {Fire +Blink Str+3 Int+4}
MPRegen 0.19/turn

%: slow self (1%), reflection
@: on berserk cooldown, flying, slowed, studying Dodging, very slow
A: no striking features
a: Renounce Religion, Evoke Blink, Berserk, Trog's Hand, Brothers in Arms


You were on level 1 of the Spider Nest.
You worshipped Trog.
Trog was extremely pleased with you.
You visited 4 branches of the dungeon, and saw 21 of its levels.
You also visited: Gauntlet.

You collected 2060 gold pieces.
You spent 1426 gold pieces at shops.

Inventory:

Hand Weapons
 p - a +0 trident of venom
 C - the +5 scythe "Finisher" {speed, execute}
   (You found it on level 10 of the Dungeon)
 H - the +10 trident of the Smoking Seeker (weapon) {freeze, *Slow rF+ rN+++ Int+3}
   (You found it on level 11 of the Dungeon)

   Int:       It affects your intelligence (+3).
   rF:        It protects you from fire.
   rN:        It renders you almost immune to negative energy.
   *Slow:     It may slow you when you take damage.
 Q - the +5 spear of Dismemberment {flame, Dex+3}
   (Trog gifted it to you on level 2 of the Lair of Beasts)

   Dex:       It affects your dexterity (+3).
Missiles
 M - 7 curare-tipped darts
Armour
 c - the +0 helmet of the True Pharaoh (worn) {Will+ rCorr Stlth+}
   (You bought it in a shop on level 1 of the Dungeon)

   rCorr:     It protects you from acid and corrosion.
   Will:      It increases your willpower.
   Stlth:     It makes you more stealthy.
 d - the +0 kite shield "Dacuef" (worn) {rElec}
   (You acquired it on level 2 of the Lair of Beasts)

   rElec:     It insulates you from electricity.
 i - the +0 pair of boots of Nihilism {rC+ Str+3}
   (You found it on level 1 of the Spider Nest)

   Str:       It affects your strength (+3).
   rC:        It protects you from cold.
 j - the +2 pair of slick slippers (worn) {slick, slippery, EV+4}
   (You acquired it on level 1 of the Lair of Beasts)

   Slick:     Its wearer cannot be constricted, engulfed, netted or webbed.
   Slippery:  Its wearer slips away from damaging melee attacks, pulling the
   attacker onward.
   EV:        It affects your evasion (+4).
 q - a +0 pair of gloves (worn)
 v - a +1 kite shield of reflection
 G - a +2 cloak of stealth (worn)
 I - the +7 chain mail of Untold Secrets (worn) {rPois SInv}
   (You found it in a Gauntlet)

   rPois:     It protects you from poison.
   SInv:      It lets you see invisible.
Jewellery
 e - the ring of the Sandy God (right hand) {Fire +Blink Str+3 Int+4}
   (You found it in a Gauntlet)

   [ring of fire]

   It enhances your fire magic.
   Str:       It affects your strength (+3).
   Int:       It affects your intelligence (+4).
   rF:        It protects you from fire.
   rC:        It makes you vulnerable to cold.
   +Blink:    It lets you blink.
 h - an amulet of reflection (around neck)
 l - the ring of the Kodama (left hand) {Fly rCorr MP+9 Str+3}
   (You acquired it on level 5 of the Lair of Beasts)

   [ring of flight]

   Str:       It affects your strength (+3).
   MP:        It affects your magic capacity (+9).
   Fly:       It grants you flight.
   rCorr:     It protects you from acid and corrosion.
Scrolls
 a - a scroll of torment {unknown}
 k - 2 scrolls of vulnerability
 n - 3 scrolls of fog
 o - 2 scrolls of revelation
 u - a scroll of blinking
 F - 3 scrolls of immolation
 J - 2 scrolls of poison
 L - a scroll of enchant weapon {unknown}
 O - 2 scrolls of butterflies
 R - 6 scrolls of teleportation
 S - 3 scrolls of identify
 T - a scroll of amnesia {unknown}
 X - 3 scrolls of noise
Potions
 b - 2 potions of magic
 f - 3 potions of enlightenment
 g - 3 potions of lignification
 m - a potion of haste
 r - 5 potions of mutation
 s - 7 potions of ambrosia
 t - 3 potions of invisibility
 x - a potion of heal wounds
 z - 4 potions of might
 A - 3 potions of attraction
 B - 7 potions of curing
 K - a potion of berserk rage {unknown}
 P - a potion of resistance {unknown}


   Skills:
 - Level 15.0 Fighting
 - Level 14.0 Polearms
 - Level 12.0 Armour
 + Level 10.0 Dodging
 - Level 7.0 Stealth
 - Level 13.0 Shields


You had 15 spell levels left.
You didn't know any spells.
Your spell library was empty.

Dungeon Overview and Level Annotations

Branches:
Dungeon (13/15)            Temple (0/1) D:7            Lair (5/5) D:11
 Shoals (0/4) Lair:2       Spider (1/4) Lair:3        Slime (0/5) Lair:4
    Orc (2/2) D:10            Elf (0/3) Orc:2       Gauntlet (visited)
 Vaults: D:13-14

Altars:
Ashenzari
Dithmenos
Fedhas
Gozag
Kikubaaqudgha
Makhleb
Nemelex Xobeh
Okawaru
Qazlal
Trog
Vehumet
Yredelemnul
Zin
The Shining One

Shops:
D:1 [[**   D:9 =   D:10 *![[   D:12 :   Orc:2 ?([(

Annotations:
D:4 1 runed translucent door
Spider:1 1 transporter, Demosthentine's ghost, adept DsGl


Message History

You need to enable at least one skill for training.
You bump into the rock wall.
The orb spider spins a strand of pure energy.
You bump into the rock wall.
You feel a strong urge to attack something.
The wolf spider barely misses you. The wolf spider bites you.
Demosthentine's ghost hits you but does no damage.
The jumping spider leaps!
The wolf spider hits you but does no damage.
The wolf spider misses you.
You bump into the rock wall.
The wolf spider barely misses you.
The wolf spider bites you but does no damage.
The jumping spider leaps!
Demosthentine's ghost hits you.
You slip backwards!
Demosthentine's ghost freezes you.
The tarantella touches you but does no damage.
You're too confused to move!
You feel your anger nearly subside.
You are no longer berserk.
You are exhausted.
You feel yourself slow down.
The moth of wrath goads the tarantella on!
The tarantella goes berserk!
The moth of wrath goads the wolf spider on!
The wolf spider goes berserk!
The jumping spider leaps!
Demosthentine's ghost barely misses you.
The tarantella rages.
The orb spider weaves a glowing orb of energy.
The wolf spider hits you. The wolf spider barely misses you.
You hear a skittering sound.
The tarantella rages.
The wolf spider hits you!!
* * * LOW HITPOINT WARNING * * *
The wolf spider closely misses you.
An orb of destruction comes into view.
You feel better. The wolf spider hits you!!
* * * LOW HITPOINT WARNING * * *
You block the wolf spider's attack.
The tarantella rages.
You block the wolf spider's attack. The wolf spider misses you.
The wolf spider hits you!
You die...

## #...#.#..#..#..##.
####......##..#..
..#####......#..
........#.#.##.. .
.#...#..#.[^..^.. ..
:........#.##.## ..
###©###....#...#
#####y.###.##....)#..
#..s@#..°...##....#..
##(s*#sWs#... #.....#.
#.°s..y#..##..#...##..
#.#©.##..©..#...#...#..#
#.#.....#†....#y##...##.
# ##.##..=###....#..##..
# .()!!!.#..##...#..
..##### .###..#..#.
.####.©.####........#


You could see 2 wolf spiders, a moth of wrath, an orb spider, a hornet, a
jumping spider, a tarantella (berserk) and Demosthentine's ghost.

Vanquished Creatures
  Asterion (Spider:1)
  Gastronok (Lair:2)
  The ghost of cforsyth the Mimic, a journeyman OgSh of Hepliaklqana (Orc:2)
  A minotaur (Gauntlet)
  Snorg (Lair:4)
  Josephine (Orc:2)
  5 catoblepae
  13 two-headed ogres
  A boulder beetle (D:12)
  2 death scarabs (Gauntlet)
  2 ogre magi
  5 death yaks (Lair:5)
  2 demonic crawlers (Spider:1)
  Urug (Lair:1)
  3 skysharks
  Sonja (Lair:4)
  A sixfirhy (Gauntlet)
  A soul eater (D:11)
  A skeletal warrior (D:10)
  2 pharaoh ants (Spider:1)
  A deep troll (Orc:2)
  5 slime creatures (D:12)
  An orc knight (Orc:2)
  2 orb spiders (Spider:1)
  2 spectral hydras (Gauntlet)
  2 steelbarb worms (Spider:1)
  2 ugly things
  5 wolf spiders (Spider:1)
  A moth of wrath (Spider:1)
  6 cyclopes
  13 elephants
  4 black mambas
  2 rust devils (D:11)
  A smoke demon (D:11)
  An orange demon (D:11)
  5 manticores
  2 gargoyles
  An ice statue (Lair:5)
  A torpor snail (Lair:4)
  17 cane toads
  2 rime drakes
  A kobold demonologist (D:11)
  6 komodo dragons
  An unseen horror (D:11)
  A freezing wraith (Lair:5)
  8 trolls
  A queen bee (Lair:1)
  A merfolk (Lair:2)
  2 hornets (D:11)
  A red devil (D:11)
  3 polar bears
  25 blink frogs
  2 tarantellas (Spider:1)
  Prince Ribbit (D:8)
  2 raiju (Gauntlet)
  8 dream sheep
  Sigmund (D:3)
  7 jumping spiders (Spider:1)
  64 yaks
  2 shadows
  5 culicivoras (Spider:1)
  11 wraiths
  3 wyverns
  The ghost of KarmaticGoose the Stinger, an amateur TrVM of Qazlal (D:4)
  2 vampires
  3 chaos spawn (D:11)
  2 steam dragons
  8 redbacks
  A warg (Orc:2)
  6 vampire mosquitoes
  A spectral cane toad (Gauntlet)
  5 acid dragons
  16 water moccasins
  8 ice beasts
  15 orc warriors
  A black bear (D:5)
  14 wolves
  20 ogres
  7 centaurs
  8 bullfrogs
  3 gnoll sergeants
  Blork the orc (D:6)
  2 kobold brigands
  2 scorpions
  37 killer bees
  An electric eel (Lair:2)
  4 howler monkeys
  3 hounds
  4 jellies
  A gnoll bouda (D:7)
  Crazy Yiuf (D:5)
  18 orc priests
  Jessica (D:2)
  Natasha (thrice) (D:2)
  4 iguanas
  13 orc wizards
  A lightning spire (Gauntlet)
  23 gnolls
  A river rat (D:4)
  7 adders
  A shadow imp (D:7)
  4 white imps
  4 ufetubi
  3 worms
  A dart slug (D:4)
  58 orcs
  6 endoplasms
  A giant cockroach (D:3)
  5 goblins
  9 hobgoblins
  3 jackals (D:2)
  17 kobolds
  4 quokkas
  5 ball pythons
  8 bats
  2 frilled lizards
  8 rats
  A butterfly (Lair:2)
666 creatures vanquished.

Vanquished Creatures (collateral kills)
  A two-headed ogre (Orc:1)
  An iron troll (Orc:1)
  A warg (Orc:1)
  An ogre (Orc:1)
  2 orcs (Orc:1)
6 creatures vanquished.

Vanquished Creatures (others)
  A kobold brigand (D:11)
  An orc (Orc:1)
2 creatures vanquished.

Grand Total: 674 creatures vanquished

Notes
Turn   | Place    | Note
-------+----------+-------------------------------------------
     0 | D:1      | derpindaisy the Human Berserker began the quest for the
                  | Orb.
     0 | D:1      | Reached XP level 1. HP: 18/18 MP: 1/1
    10 | D:1      | Found Bikeonyma's General Store.
    43 | D:1      | Found Doarph's Armour Emporium.
   112 | D:1      | Found Niucot Edoqo's Armour Emporium.
   144 | D:1      | Found Aginu's Assorted Antiques.
   239 | D:1      | Reached XP level 2. HP: 24/24 MP: 2/2
   776 | D:2      | Noticed Jessica
   786 | D:2      | Reached XP level 3. HP: 29/29 MP: 3/3
   806 | D:2      | Killed Jessica
   807 | D:2      | Reached XP level 4. HP: 34/36 MP: 4/4
  1220 | D:2      | Noticed Natasha
  1233 | D:2      | Killed Natasha
  1342 | D:2      | Noticed Natasha
  1347 | D:2      | Killed Natasha
  1347 | D:2      | Reached ** piety under Trog
  1348 | D:2      | Reached skill level 4 in Fighting
  1348 | D:2      | Reached XP level 5. HP: 38/42 MP: 5/5
  1634 | D:2      | Noticed Natasha
  1646 | D:2      | Killed Natasha
  1931 | D:3      | Found a shadowy altar of Dithmenos.
  2418 | D:3      | Noticed Sigmund
  2426 | D:3      | Killed Sigmund
  2427 | D:3      | Reached XP level 6. HP: 49/49 MP: 6/6
  2668 | D:3      | Reached XP level 7. HP: 39/55 MP: 7/7
  2803 | D:3      | Reached skill level 5 in Fighting
  3134 | D:4      | Reached skill level 5 in Polearms
  3422 | D:4      | Found a runed translucent door.
  3430 | D:4      | Noticed KarmaticGoose's ghost (amateur TrVM)
  3521 | D:4      | Found a runed translucent door.
  3553 | D:4      | Reached skill level 5 in Dodging
  4201 | D:4      | Identified 2 scrolls of acquirement
  4252 | D:4      | Killed KarmaticGoose's ghost
  4284 | D:5      | Entered Level 5 of the Dungeon
  4368 | D:5      | Reached XP level 8. HP: 60/62 MP: 8/8
  4939 | D:5      | Found a runed translucent door.
  4940 | D:5      | Noticed Crazy Yiuf
  4948 | D:5      | Killed Crazy Yiuf
  5253 | D:6      | Found an opulent altar of Gozag.
  5309 | D:6      | Reached skill level 5 in Stealth
  5631 | D:6      | Reached skill level 5 in Shields
  5801 | D:6      | Found a broken altar of Ashenzari.
  5912 | D:6      | Reached XP level 9. HP: 53/68 MP: 9/9
  5993 | D:6      | Noticed Blork the orc
  6010 | D:6      | Killed Blork the orc
  6559 | D:6      | Reached *** piety under Trog
  6577 | D:6      | Reached skill level 6 in Fighting
  6773 | D:6      | Found a glowing silver altar of Zin.
  6776 | D:6      | Found a glowing golden altar of the Shining One.
  6779 | D:6      | Found a basalt altar of Yredelemnul.
  6783 | D:6      | Found a sparkling altar of Nemelex Xobeh.
  6783 | D:6      | Found an iron altar of Okawaru.
  6784 | D:6      | Found a burning altar of Makhleb.
  6786 | D:6      | Found a radiant altar of Vehumet.
  7263 | D:7      | Found a staircase to the Ecumenical Temple.
  8410 | D:8      | Reached XP level 10. HP: 77/77 MP: 10/10
  8596 | D:8      | Found a bloodstained altar of Trog.
  8699 | D:8      | Reached skill level 7 in Fighting
  9630 | D:8      | Reached skill level 10 in Shields
  9991 | D:8      | Found a blossoming altar of Fedhas.
  9992 | D:8      | Found an ancient bone altar of Kikubaaqudgha.
 10113 | D:8      | Noticed Prince Ribbit
 10130 | D:8      | Killed Prince Ribbit
 10131 | D:8      | Reached XP level 11. HP: 48/85 MP: 11/11
 10397 | D:9      | Reached **** piety under Trog
 10467 | D:9      | Found a stormy altar of Qazlal.
 10483 | D:9      | Reached skill level 8 in Fighting
 10565 | D:9      | Found Nokadghud's Jewellery Shoppe.
 10798 | D:1      | Bought the +0 helmet of the True Pharaoh {Will+ rCorr
                  | Stlth+} for 331 gold pieces
 10989 | D:9      | Noticed a two-headed ogre
 10996 | D:9      | Killed a two-headed ogre
 11738 | D:10     | Entered Level 10 of the Dungeon
 11827 | D:10     | Noticed a skeletal warrior
 11841 | D:10     | Killed a skeletal warrior
 11842 | D:10     | Reached skill level 9 in Fighting
 12057 | D:10     | Found the +5 scythe "Finisher" {speed, execute}
 12159 | D:10     | Found Veuhoqe's Distillery.
 12163 | D:10     | Found Xezoneth's Antique Armour Emporium.
 12163 | D:10     | Found Voafrion's Armour Emporium.
 12166 | D:10     | Found Edghe Hun's Assorted Antiques.
 12168 | D:10     | Bought a shiny ring mail for 140 gold pieces
 12254 | D:10     | Noticed a two-headed ogre
 12264 | D:10     | Killed a two-headed ogre
 12297 | D:10     | Found a flagged portal.
 12347 | D:10     | Noticed a two-headed ogre
 12353 | D:10     | Killed a two-headed ogre
 12588 | D:10     | Reached skill level 10 in Fighting
 12588 | D:10     | Reached skill level 10 in Polearms
 12866 | D:10     | Found a staircase to the Orcish Mines.
 13003 | D:11     | Reached XP level 12. HP: 97/97 MP: 12/12
 13039 | D:11     | Reached skill level 5 in Armour
 13081 | D:11     | Noticed a soul eater
 13095 | D:11     | Killed a soul eater
 13332 | D:11     | Found a staircase to the Lair.
 13482 | D:11     | Identified the +10 trident of the Smoking Seeker {freeze,
                  | *Slow rF+ rN+++ Int+3}
 13891 | D:11     | Reached ***** piety under Trog
 14361 | D:11     | Reached skill level 10 in Armour
 14417 | D:11     | You fall into a shaft and drop 2 floors!
 14573 | D:12     | Noticed a two-headed ogre
 14581 | D:12     | Killed a two-headed ogre
 14582 | D:12     | Reached XP level 13. HP: 103/103 MP: 13/13
 14695 | D:12     | Found Ywaruf's Tiny Tomes.
 16180 | D:1      | Bought a +1 tower shield of poison resistance for 175 gold
                  | pieces
 16434 | Lair:1   | Entered Level 1 of the Lair of Beasts
 16508 | Lair:1   | Noticed a catoblepas
 16659 | Lair:1   | Killed a catoblepas
 16747 | Lair:1   | Acquired the +2 pair of slick slippers {slick, slippery,
                  | EV+4}
 16747 | Lair:1   | Found the +2 pair of slick slippers {slick, slippery, EV+4}
 16850 | Lair:1   | Identified the +0 robe of Raworynk {Dex+2 Stlth+ Archmagi}
 17065 | Lair:1   | Noticed Urug
 17087 | Lair:1   | Killed Urug
 17396 | Lair:2   | Identified the +5 spear of Dismemberment {flame, Dex+3}
                  | (Trog gifted it to you on level 2 of the Lair of Beasts)
 17396 | Lair:2   | Received a gift from Trog
 17491 | Lair:2   | Reached XP level 14. HP: 110/110 MP: 14/14
 17772 | Lair:2   | You fall into a shaft and drop 1 floor!
 18154 | Lair:2   | Found a staircase to the Shoals.
 18349 | Lair:2   | Noticed Gastronok
 18385 | Lair:2   | Killed Gastronok
 18853 | Lair:2   | Acquired the +0 kite shield "Dacuef" {rElec}
 19149 | Lair:3   | Found a hole to the Spider Nest.
 19843 | Lair:4   | Noticed Sonja
 19848 | Lair:4   | Reached skill level 11 in Fighting
 19912 | Lair:4   | Received a gift from Trog
 19945 | Lair:4   | Noticed Snorg
 19966 | Lair:4   | Killed Snorg
 20202 | Lair:4   | Killed Sonja
 20221 | Lair:4   | Found a staircase to the Slime Pits.
 20944 | Lair:5   | Entered Level 5 of the Lair of Beasts
 20981 | Lair:5   | Reached XP level 15. HP: 119/119 MP: 15/15
 21427 | Lair:5   | Reached skill level 12 in Fighting
 21660 | Lair:5   | Reached skill level 10 in Dodging
 22320 | Lair:5   | Received a gift from Trog
 23037 | Lair:5   | Acquired the ring of the Kodama {Fly rCorr MP+9 Str+3}
 23290 | Orc:1    | Entered Level 1 of the Orcish Mines
 23726 | Orc:2    | Entered Level 2 of the Orcish Mines
 23726 | Orc:2    | Found a gate leading to a gauntlet.
 23729 | Orc:2    | Found Nomeiw's Armour Emporium.
 23734 | Gauntlet | Entered a Gauntlet
 23734 | Gauntlet | Found a transporter.
 23734 | Gauntlet | Found a transporter.
 23776 | Gauntlet | Found a transporter.
 23778 | Gauntlet | Found a transporter.
 23793 | Gauntlet | Found a transporter.
 23795 | Gauntlet | Found a transporter.
 23803 | Gauntlet | Found a transporter.
 23825 | Gauntlet | Found a transporter.
 23993 | Gauntlet | Identified the ring of the Imp {rPois rF+ rN+ rCorr Stlth-}
 24025 | Gauntlet | Identified the ring of the Sandy God {Fire +Blink Str+3
                  | Int+4}
 24025 | Gauntlet | Identified the +7 chain mail of Untold Secrets {rPois SInv}
 24365 | Orc:2    | Noticed Josephine
 24368 | Orc:2    | Reached XP level 16. HP: 127/127 MP: 16/16
 24482 | Orc:2    | Killed Josephine
 24507 | Orc:2    | Received a gift from Trog
 24587 | Orc:2    | Reached skill level 13 in Fighting
 24721 | Orc:2    | Found Bemumoah's Magic Scroll Emporium.
 24727 | Orc:2    | Found Cifuyppixiss's Weapon Boutique.
 24760 | Orc:2    | Bought a scroll of acquirement for 780 gold pieces
 24773 | Orc:2    | Found Huoxarim's Antique Weapon Shoppe.
 24787 | Orc:2    | Found a staircase to the Elven Halls.
 24887 | Orc:2    | Found a runed translucent gate.
 24887 | Orc:2    | Found a runed translucent gate.
 24887 | Orc:2    | Found a runed translucent gate.
 24889 | Orc:2    | Noticed cforsyth's ghost (journeyman OgSh)
 24915 | Orc:2    | Killed cforsyth's ghost
 25354 | Orc:2    | Acquired a manual of Dodging
 25571 | Spider:1 | Entered Level 1 of the Spider Nest
 25579 | Spider:1 | Identified the +0 pair of boots of Nihilism {rC+ Str+3}
 25776 | Spider:1 | Reached skill level 14 in Fighting
 26054 | Spider:1 | Noticed Asterion
 26065 | Spider:1 | Killed Asterion
 26279 | Spider:1 | Found a transporter.
 26284 | Spider:1 | Noticed Demosthentine's ghost (adept DsGl)
 26301 | Spider:1 | Found a transporter.
 26302 | Spider:1 | Reached skill level 15 in Fighting
 26307 | Spider:1 | Slain by a wolf spider

Illustrated notes

Levels and vault maps discovered:
D:1:      ncdulo_watergridlock, layout_basic, serial_shops,
          nicolae_shop_just_a_little_nook, shop, shop,
          nicolae_shop_window_shopping
D:2:      layout_basic, uniq_jessica, uniq_natasha
D:3:      layout_basic, mainiacjoe_overflow_alcove_1, minmay_misc_feat_x,
          uniq_sigmund
D:4:      minmay_chambers_of_threes, layout_basic, ebering_ghost_sewer_f
D:5:      layout_rooms, hangedman_decor_slide_cut, uniq_crazy_yiuf_cottage
D:6:      layout_gridville, amcnicky_altar_gilded,
          nicolae_overflow_hallway_of_the_gods,
          mainiacjoe_overflow_small_starburst, kennysheep_generic_room_16,
          uniq_blork_the_orc
D:7:      layout_gridville, minmay_temple_entry_statues
D:8:      layout_layer_cave, grunt_temple_overflow_growth_and_decay,
          lemuel_doored_altar, nicolae_letterblocks [nicolae_letter_subblock,
          nicolae_letter_subblock, nicolae_letter_subblock,
          nicolae_letter_subblock, nicolae_letter_subblock,
          nicolae_letter_subblock, nicolae_letter_subblock,
          nicolae_letter_subblock, nicolae_letter_subblock,
          nicolae_letter_subblock, nicolae_letter_subblock,
          nicolae_letter_subblock, nicolae_letter_subblock,
          nicolae_letter_subblock, nicolae_letter_subblock,
          nicolae_letter_subblock, nicolae_letter_subblock,
          nicolae_letter_subblock, nicolae_letter_subblock,
          nicolae_letter_subblock, nicolae_letter_subblock,
          nicolae_letter_subblock, nicolae_letter_subblock,
          nicolae_letter_subblock, nicolae_letter_subblock],
          uniq_prince_ribbit1, uniq_psyche
D:9:      layout_gridville, grunt_qazlal_clouds, serial_shops,
          nicolae_shop_just_a_little_nook
D:10:     layout_loops_corners, orc_0_dummy, enter_bailey_3,
          minmay_shop_grid_forest, grunt_ministairs_8,
          minmay_guarded_unrand_finisher
D:11:     layout_basic, lair_entry_dummy, serial_demonic, serial_demonic_a,
          serial_demonic_a, serial_demonic_g, serial_demonic_b,
          serial_demonic_f, kennysheep_path_1, minmay_hedge_maze, st_stairs_10,
          minmay_mirror_moons_of_madness
D:12:     layout_irregular_city, portal_ice_cave_entry_pillars_2,
          nicolae_shop_i_like_small_books_too, chequers_arboretum
D:13:     layout_layer_cave, uniq_jorgrun
Lair:1:   layout_roguey [special_room_bee], lemuel_fruit_fields,
          grunt_megastairs_2, uniq_urug
Lair:2:   layout_regular_city, elwin_shoals_entry_rooms, grunt_megastairs_1,
          serial_bayou_shore_b, lemuel_fruit_fields, uniq_gastronok
Lair:3:   layout_cave_pods, spider_nest_entry_webs
Lair:4:   layout_roguey, nicolae_slime_entry_slimehenge,
          chequers_serial_rivers_micro_a, uniq_sonja, uniq_snorg
Lair:5:   evilmike_catoblepas_cave, layout_regular_city, columned_hall_lemuel,
          st_stairs_5, ice2_lemuel
Spider:1: layout_spider_delve, gammafunk_ghost_berserking_beasts,
          nicolae_spider_circle_web, uniq_asterion
Orc:1:    layout_diamond_mine
Orc:2:    st_orc_open, layout_caves, gauntlet_entry_generic,
          gammafunk_ghost_split, basic_altar, uniq_josephine

Skill      XL: |  1  2  3  4  5  6  7  8  9 10 11 12 13 14 15 16 |
---------------+-------------------------------------------------+-----
Dodging        | 3 4 5 7 9 10 | 10.0
Fighting       | 4 5 6 7 10 11 12 15 | 15.0
Polearms       | 4 5 6 7 10 14 | 14.0
Stealth        | 2 5 7 |  7.0
Shields        | 2 5 6 10 13 | 13.0
Armour         | 4 10 11 12 | 12.0

Action                     |  1- 3 |  4- 6 |  7- 9 | 10-12 | 13-15 | 16-18 || total
---------------------------+-------+-------+-------+-------+-------+-------++-------
  Melee: Spear             |    87 |    86 |   448 |       |       |       ||   621
         Punch             |       |     1 |       |       |       |       ||     1
         Halberd           |       |    17 |    17 |       |       |       ||    34
         Trident           |       |       |   118 |   524 |  1288 |   390 ||  2320
         Scythe            |       |       |       |   153 |       |       ||   153
 Invoke: Berserk           |       |     2 |    12 |     9 |    11 |     3 ||    37
         Trog's Hand       |       |       |       |     1 |     4 |     2 ||     7
         Brothers in Arms  |       |       |       |       |     1 |       ||     1
    Use: Scroll            |     2 |       |    14 |     4 |    18 |     1 ||    39
         Potion            |       |       |     3 |       |     4 |     1 ||     8
   Stab: Distracted        |       |     1 |     1 |     1 |     6 |     2 ||    11
         Sleeping          |       |       |    12 |    15 |    16 |     7 ||    50
         Petrified         |       |       |       |       |     8 |       ||     8
         Petrifying        |       |       |       |       |     1 |       ||     1
 Armour: Animal skin       |    16 |       |       |       |       |       ||    16
         Robe              |       |     6 |    70 |    27 |       |       ||   103
         Ring mail         |       |       |       |    78 |   233 |       ||   311
         Chain mail        |       |       |       |       |    30 |   146 ||   176
         Scale mail        |       |       |       |       |     1 |       ||     1
  Dodge: Dodged            |    37 |    45 |   183 |   195 |   497 |   237 ||  1194
  Block: Tower shield      |       |       |   603 |   449 |  1082 |       ||  2134
         Reflection        |       |       |    12 |    19 |     9 |     1 ||    41
         Other             |       |       |       |    27 |       |       ||    27
         Kite shield       |       |       |       |       |   159 |   370 ||   529

Table legend: (Time is in decaauts)
 A = Elapsed time spent in this place.
 B = Non-inter-level travel time spent in this place.
 C = Inter-level travel time spent in this place.
 D = Time resting spent in this place.
 E = Time spent auto-exploring this place.
 F = Levels seen in this place.
 G = Mean time per level.
                   A        B        C        D        E       F      G
               +--------+--------+--------+--------+--------+-----+--------+
         Total |  26503 |  24093 |   2410 |   6334 |  11765 |  22 | 1204.7 |
       Dungeon |  17185 |  15419 |   1766 |   4369 |   7595 |  13 | 1321.9 |
          Lair |   7066 |   6452 |    614 |   1313 |   3452 |   5 | 1413.2 |
   Spider Nest |    608 |    608 |      0 |    150 |    195 |   1 |  608.0 |
  Orcish Mines |   1296 |   1267 |     29 |    442 |    507 |   2 |  648.0 |
      Gauntlet |    346 |    346 |      0 |     58 |     15 |   1 |  346.0 |
               +--------+--------+--------+--------+--------+-----+--------+

Top non-repeatable levels by time:
     D:8: 2156 daAuts
  Lair:5: 2054 daAuts
    D:11: 2001 daAuts
     D:7: 1626 daAuts
     D:6: 1568 daAuts
    D:10: 1421 daAuts
  Lair:2: 1326 daAuts
  Lair:3: 1320 daAuts
     D:4: 1313 daAuts
     D:2: 1285 daAuts
  Lair:4: 1280 daAuts
     D:5: 1271 daAuts
    D:12: 1245 daAuts
     D:3: 1189 daAuts
     D:9: 1103 daAuts
